 Dungeon Crawl Stone Soup version 0.24-a0-170-gd8427f5 (webtiles) character file.

Game seed: 18397707828554427238

781 Azzok the Changer (level 7, -4/43 HPs)
             Began as an Octopode Transmuter on Mar 10, 2019.
             Was an Initiate of Cheibriados.
             Slain by a sky beast (5 damage)
             ... on level 5 of the Dungeon.
             The game lasted 00:07:12 (6243 turns).

Azzok the Changer (Octopode Transmuter)             Turns: 6243, Time: 00:07:12

Health: -4/43      AC:  2    Str: 10    XL:     7   Next: 85%
Magic:  10/13      EV: 20    Int: 19    God:    Cheibriados [......]
Gold:   160        SH:  0    Dex: 18    Spells: 10/14 levels left

rFire    . . .     SeeInvis .     - Unarmed
rCold    . . .     Gourm    .   (shield currently unavailable)
rNeg     . . .     Faith    .   (helmet currently unavailable)
rPois    x         Spirit   .   (no amulet)
rElec    .         Reflect  .   (no ring)
rCorr    .         Harm     .   (no ring)
MR       .....                  (no ring)
Stlth    ++........             (no ring)
HPRegen  0.14/turn              (no ring)
MPRegen  0.13/turn              (no ring)
                                (no ring)
                                (no ring)

@: spider-form, very slow
A: tiny, almost no armour, stealthy swim, (amphibious), 8 rings, (constrict 8)
a: End Transformation, Bend Time, Renounce Religion


You were on level 5 of the Dungeon.
You worshipped Cheibriados.
Cheibriados was noncommittal.
You were near starving.
You were a venomous arachnid creature.
You visited 2 branches of the dungeon, and saw 6 of its levels.

You collected 160 gold pieces.

Inventory:

Hand Weapons
 v - a +2 long sword of slicing
Missiles
 a - 51 arrows
 k - 2 throwing nets (quivered)
Jewellery
 p - a cursed amulet of inaccuracy {unknown}
Wands
 n - a wand of polymorph (10)
Scrolls
 b - 3 scrolls of teleportation {unknown}
 e - 2 scrolls of fog {unknown}
 f - 3 scrolls of enchant weapon {unknown}
 g - 6 scrolls of identify {unknown}
 i - 2 scrolls of remove curse {unknown}
 j - 2 scrolls of enchant armour {unknown}
 l - a scroll of blinking {unknown}
 o - 2 scrolls of immolation {unknown}
 y - a scroll of magic mapping {unknown}
Potions
 d - a potion of ambrosia
 h - 3 potions of heal wounds {unknown}
 m - 2 potions of degeneration {unknown}
 q - a potion of invisibility {unknown}
 r - a potion of brilliance {unknown}
 s - a potion of berserk rage {unknown}
 t - a potion of cancellation {unknown}
 u - a potion of curing {unknown}
 w - a potion of haste {unknown}
 z - a potion of lignification {unknown}
Comestibles
 c - 10 rations


   Skills:
 - Level 1.0 Fighting
 - Level 2.0 Dodging
 - Level 5.0 Unarmed Combat
 - Level 4.0 Spellcasting
 - Level 6.0 Transmutations
 + Level 2.3 Invocations


You had 10 spell levels left.
You knew the following spells:

 Your Spells              Type           Power        Failure   Level  Hunger
a - Beastly Appendage     Tmut           ####..       5%          1    None
b - Spider Form           Tmut/Pois      ###.......   28%         3    ###....

Your spell library contained the following spells:

 Spells                   Type           Power        Failure   Level  Hunger
 Sticks to Snakes         Tmut           ####....     7%          2    ##.....
 Blade Hands              Tmut           ####......   52%         5    ######.
 Ice Form                 Ice/Tmut       ###.....     58%         4    ####...


Dungeon Overview and Level Annotations

Branches:
Dungeon (5/15)             Temple (1/1) D:5

Altars:
Ashenzari
Cheibriados
Dithmenos
Elyvilon
Fedhas
Hepliaklqana
Makhleb
Nemelex Xobeh
Okawaru
Qazlal
Ru
Sif Muna
Trog
Vehumet
Wu Jian
Xom
Yredelemnul
Zin
The Shining One


Innate Abilities, Weirdness & Mutations

You cannot wear most types of armour.
You are very stealthy in the water. (Stealth+)
((You are amphibious.))
You can wear up to eight rings at the same time.
((You can use your tentacles to constrict eight enemies at once.))
((Your skin changes colour to match your surroundings (Stealth+).))
((Your rubbery body absorbs attacks. (AC +1, EV +1)))


Message History

The sky beast hits you but does no damage.
The sky beast flickers out of sight!
Deactivating autopickup; reactivate with Ctrl-A.
You hit the sky beast.
The sky beast is poisoned.
The sky beast is lightly wounded.
Your transformation has ended.
The orc throws a tomahawk.
The tomahawk hits you.
* * * LOW HITPOINT WARNING * * *
The sky beast hits you.
* * * LOW HITPOINT WARNING * * *
The sky beast shocks you.
* * * LOW HITPOINT WARNING * * *
Casting: Spider Form (safe; 12% risk of failure)
Confirm with . or Enter, or press ? or * to list all spells.
You turn into a venomous arachnid creature.
The orc throws a tomahawk.
The tomahawk closely misses you. The sky beast hits you.
* * * LOW HITPOINT WARNING * * *
The sky beast shocks you.
You die...

··· ▒··▒▒▒▒ ··o· ▒▒···▒·
····▒▒▒▒▒▒▒ ▒▒▒···
··········▒▒▒ ▒···
·····§······▒ ▒▒▒▒·▒·
▒▒·▒o··▒▒··▒▒ ▒▒····▒·
▒▒··▒▒···▒ ▒··▒▒▒▒·
▒··▒▒▒··▒ ▒·▒▒····
▒··o▒▒s(▒▒▒▒▒▒ ▒·▒▒·▒▒▒ ▒
▒·▒{o·Y······▒▒▒·▒▒·▒ ▒
▒···▒··h▒▒··············▒
▒
▒········▒·▒▒·▒····▒··▒▒▒
▒···▒▒▒···)···▒·▒▒·▒·▒▒
▒··· ▒▒······▒·▒▒·▒·▒ ▒▒▒
▒▒···▒···▒▒···▒ ▒▒
▒·▒··········▒▒▒▒▒·
▒··▒▒·▒·········▒···


You could see a sky beast, a howler monkey and an orc.

Vanquished Creatures
  A scorpion (D:4)
  2 howler monkeys
  2 crimson imps (D:5)
  2 hounds
  A jelly (D:5)
  2 centaur skeletons (D:4)
  2 orc wizards
  A bullfrog skeleton (D:5)
  An orc priest (D:4)
  Jessica (D:2)
  4 worker ants
  A hound skeleton (D:4)
  Robin (D:3)
  3 adders
  3 gnolls (D:2)
  2 worms
  6 dart slugs
  2 leopard geckos (D:3)
  4 orcs
  10 bats
  6 giant cockroaches
  21 goblins
  7 hobgoblins
  5 jackals
  5 kobolds
  4 quokkas
  5 frilled lizards
  8 rats
112 creatures vanquished.

Notes
Turn   | Place    | Note
-------+----------+-------------------------------------------
     0 | D:1      | Azzok the Octopode Transmuter began the quest for the Orb.
     0 | D:1      | Reached XP level 1. HP: 13/13 MP: 3/3
    58 | D:1      | Reached XP level 2. HP: 4/18 MP: 3/5
   709 | D:1      | Reached XP level 3. HP: 14/23 MP: 6/6
  1333 | D:1      | Learned a level 3 spell: Spider Form
  1345 | D:2      | Reached XP level 4. HP: 11/28 MP: 4/7
  1543 | D:2      | Reached skill level 5 in Unarmed Combat
  2132 | D:2      | Noticed Jessica
  2138 | D:2      | Killed Jessica
  2138 | D:2      | Reached XP level 5. HP: 21/33 MP: 4/8
  2739 | D:3      | Noticed Robin
  2747 | D:3      | Reached skill level 3 in Transmutations
  2762 | D:3      | Killed Robin
  3915 | D:4      | Reached XP level 6. HP: 36/38 MP: 5/10
  3953 | D:4      | Reached skill level 4 in Transmutations
  4724 | D:4      | Reached skill level 5 in Transmutations
  4724 | D:4      | Reached XP level 7. HP: 31/43 MP: 9/12
  5223 | D:4      | Found a shattered altar of Ashenzari.
  5555 | D:5      | Entered Level 5 of the Dungeon
  5785 | D:5      | Found a staircase to the Ecumenical Temple.
  5793 | Temple   | Entered the Ecumenical Temple
  5799 | Temple   | Became a worshipper of Cheibriados the Contemplative
  5870 | D:5      | Reached skill level 6 in Transmutations
  5944 | D:5      | Reached skill level 1 in Invocations
  6242 | D:5      | HP: 2/43 [sky beast (5)]
  6243 | D:5      | Slain by a sky beast

Levels and vault maps discovered:
D:1:      dpeg_arrival_round_c, layout_basic
D:2:      layout_loops_cross, uniq_jessica
D:3:      layout_basic, uniq_robin
D:4:      layout_basic, overflow_temple_1_default, first_ration
D:5:      layout_rooms, minmay_temple_entry_statues_pillars,
          grunt_gozag_breadcrumbs
Temple:   nicolae_temple_no_exploring_needed

Skill      XL: |  1  2  3  4  5  6  7 |
---------------+----------------------+-----
Unarmed Combat | 4 5 |  5.0
Transmutations | 3 5 6 |  6.0
Spellcasting   | 3 4 |  4.0
Invocations    | 2 |  2.3
Fighting       | |  1.0
Dodging        | |  2.0

Action                   |  1- 3 |  4- 6 |  7- 9 || total
-------------------------+-------+-------+-------++-------
Melee: Unarmed           |    74 |   168 |    52 ||   294
       Constrict         |    25 |    25 |     2 ||    52
       Kick              |     7 |     1 |       ||     8
       Tentacles         |    13 |    12 |     1 ||    26
       Punch             |     2 |     3 |       ||     5
       Long sword        |       |       |     5 ||     5
 Cast: Beastly Appendage |     4 |     2 |       ||     6
       Spider Form       |     1 |    13 |    10 ||    24
  Use: Potion            |       |       |     1 ||     1
 Stab: Sleeping          |     5 |     7 |     1 ||    13
       Distracted        |       |     1 |       ||     1
  Eat: Chunk             |     1 |    12 |     5 ||    18
Armor: Skin              |    13 |     9 |     3 ||    25
Dodge: Dodged            |    61 |   110 |    43 ||   214
       Rpst.: Long sword |       |       |     1 ||     1

Table legend:
 A = Non-vault XP
 B = Vault XP
 C = Vault XP percentage of total XP
 D = Non-vault monster count
 E = Vault monster count
 F = Vault count percentage of total count
                 A         B        C        D         E       F
            +---------+---------+-------+---------+---------+-------
      Total |    1051 |      66 |   5.9 |     102 |      10 |   8.9
            +---------+---------+-------+---------+---------+-------
        D:1 |      62 |       0 |   0.0 |      30 |       0 |   0.0
        D:2 |      81 |      37 |  31.4 |      15 |       1 |   6.2
        D:3 |      83 |      29 |  25.9 |      32 |       9 |  22.0
        D:4 |     434 |       0 |   0.0 |      15 |       0 |   0.0
        D:5 |     391 |       0 |   0.0 |      10 |       0 |   0.0
            +---------+---------+-------+---------+---------+-------
